 Dungeon Crawl Stone Soup version 0.23-a0-49-gd9f7a49 (webtiles) character file.

12098 galech the Fighter (level 11, -3/89 HPs)
             Began as a Gnoll Wanderer on Aug 7, 2018.
             Was a High Priest of Okawaru.
             Slain by an 11-headed hydra (8 damage)
             ... on level 10 of the Dungeon.
             The game lasted 00:24:00 (15616 turns).

galech the Fighter (Gnoll Wanderer)                Turns: 15616, Time: 00:24:01

Health: -3/89      AC: 16    Str: 16    XL:     11   Next: 88%
Magic:  0/30       EV: 13    Int: 17    God:    Okawaru [*****.]
Gold:   51         SH: 12    Dex: 23    Spells: 23/23 levels left

rFire    + . .     SeeInvis .   S - +4 spear
rCold    . . .     Gourm    .   u - +1 shield {rF+}
rNeg     + . .     Faith    .   a - +2 scale mail
rPois    .         Spirit   +   T - +3 hat of Pondering {ponderous, MR+ MP+10 Int+5}
rElec    .         Reflect  .   C - scarf {repulsion}
rCorr    .         Harm     .   e - +1 pair of gloves
MR       +....                  s - +0 pair of boots
Stlth    +++.......             y - amulet of guardian spirit
HPRegen  0.24/turn              m - ring of positive energy
MPRegen  0.22/turn              q - +4 ring of dexterity

@: drained, repel missiles, slow
A: distributed training, fangs 1, strong nose
a: Heroism, Finesse, Renounce Religion


You were on level 10 of the Dungeon.
You worshipped Okawaru.
Okawaru was extremely pleased with you.
You were not hungry.

You visited 1 branch of the dungeon, and saw 11 of its levels.

You collected 111 gold pieces.
You spent 60 gold pieces at shops.

Inventory:

Hand Weapons
 A - the +4 trident of Cienoyfy {holy, rElec}
   (You found it on level 5 of the Dungeon)

   It has been blessed by the Shining One to cause great damage to the undead
   and demons.
   It insulates you from electricity.
 N - the cursed +2 broad axe of Doom {chop, *Contam Str+3 Int+2, unknown}
   (You found it on level 10 of the Dungeon)

   It inflicts extra damage upon your enemies.
   It affects your strength (+3).
   It affects your intelligence (+2).
   It causes magical contamination when unequipped.
   It has a curse placed upon it.
 R - a +3 long sword
 S - a +4 spear (weapon)
Armour
 a - a +2 scale mail (worn)
 e - a +1 pair of gloves (worn)
 o - a +0 plate armour
 s - a +0 pair of boots (worn)
 u - a +1 shield of fire resistance (worn)
 C - a scarf of repulsion (worn)
 H - a +0 robe of cold resistance
 K - +0 steam dragon scales
 T - the +3 hat of Pondering (worn) {ponderous, MR+ MP+10 Int+5}
   (You took it off Gastronok on level 9 of the Dungeon)

   It affects your intelligence (+5).
   It affects your resistance to hostile enchantments.
   It affects your magic capacity (+10).
 U - a +2 helmet
Jewellery
 j - a +3 amulet of reflection
 m - a ring of positive energy (left hand)
 q - a +4 ring of dexterity (right hand)
 y - an amulet of guardian spirit (around neck)
Wands
 P - a wand of enslavement (13)
 Q - a wand of random effects (25)
Scrolls
 b - a scroll of fog
 g - a scroll of enchant armour {unknown}
 h - 2 scrolls of fear {unknown}
 i - 5 scrolls of remove curse
 k - 3 scrolls of amnesia
 n - 6 scrolls of teleportation
 p - 2 scrolls of immolation {unknown}
 t - a scroll of magic mapping {unknown}
 E - a scroll of silence {unknown}
 I - a scroll of blinking {unknown}
 J - a scroll of random uselessness {unknown}
 L - a scroll of summoning {unknown}
 M - a scroll of enchant weapon {unknown}
 W - 2 scrolls of identify
Potions
 c - 5 potions of curing
 f - a potion of flight {unknown}
 l - a potion of haste {unknown}
 r - 2 potions of lignification {unknown}
 v - a potion of agility {unknown}
 w - 3 potions of mutation {unknown}
 x - a potion of magic {unknown}
 z - a potion of degeneration {unknown}
 B - 2 potions of might {unknown}
 D - a potion of brilliance {unknown}
 F - 4 potions of heal wounds {unknown}
 O - a potion of resistance {unknown}
 V - a potion of ambrosia {unknown}
Comestibles
 d - 22 rations
 G - 2 chunks of flesh


   Skills:
 + Level 9.3 Fighting
 + Level 6.6(6.5) Short Blades
 + Level 6.6(6.5) Long Blades
 + Level 8.1(8.0) Axes
 + Level 6.6(6.5) Maces & Flails
 + Level 6.6(6.5) Polearms
 + Level 6.6(6.5) Staves
 + Level 6.6(6.5) Slings
 + Level 7.1(7.0) Bows
 + Level 6.6(6.5) Crossbows
 + Level 7.1(7.0) Throwing
 + Level 8.1(8.0) Armour
 + Level 6.6(6.5) Dodging
 + Level 6.6(6.5) Stealth
 + Level 7.1(7.0) Shields
 + Level 6.6(6.5) Unarmed Combat
 + Level 6.6(6.5) Spellcasting
 + Level 5.4 Conjurations
 + Level 5.4 Hexes
 + Level 5.4 Charms
 + Level 5.4 Summonings
 + Level 5.4 Necromancy
 + Level 5.4 Translocations
 + Level 5.4 Transmutations
 + Level 5.4 Fire Magic
 + Level 5.4 Ice Magic
 + Level 5.4 Air Magic
 + Level 5.4 Earth Magic
 + Level 5.4 Poison Magic
 + Level 7.2(7.1) Invocations
 + Level 6.6(6.5) Evocations


You had 23 spell levels left.
You didn't know any spells.
Your spell library contained the following spells:

 Spells                   Type           Power        Failure   Level  Hunger
 Summon Small Mammal      Summ           ###.         12%         1    None
 Summon Ice Beast         Ice/Summ       ###.....     75%         4    ####...
 Call Imp                 Summ           ###.....     17%         2    None
 Statue Form              Tmut/Erth      ###......    100%        6    #######
 Dragon Form              Tmut           ###.......   100%        7    #######
 Call Canine Familiar     Summ           ###.....     34%         3    ##.....
 Summon Lightning Spire   Summ/Air       ###.....     75%         4    ####...
 Summon Guardian Golem    Hex/Summ       ###.....     34%         3    ##.....
 Hydra Form               Tmut           ###.......   100%        6    #######
 Irradiate                Conj/Tmut      ###.......   97%         5    #####..


Dungeon Overview and Level Annotations

Branches:
Dungeon (11/15)            Temple (0/1) D:5            Lair (0/6) D:8
    Orc: D:9-12

Altars:
Okawaru
Yredelemnul

Shops:
D:4 *

Annotations:
D:10 conein's ghost, novice DDFi
D:11 Maurice


Innate Abilities, Weirdness & Mutations

Your experience applies equally to all skills.
You have very sharp teeth.
Your uncanny sense of smell can sniff out nearby items.


Message History

* * * LOW HITPOINT WARNING * * *
You see here a smoking broad axe.
N - a smoking broad axe The ten-headed hydra bites you but does no damage.
The ten-headed hydra bites you!
* * * LOW HITPOINT WARNING * * *
The ten-headed hydra closely misses you.
The ten-headed hydra bites you but does no damage.
You block the ten-headed hydra's attack. x2
The ten-headed hydra bites you but does no damage. x2
The ten-headed hydra bites you!
* * * LOW HITPOINT WARNING * * *
The ten-headed hydra bites you.
* * * LOW HITPOINT WARNING * * *
Conein's ghost hits you.
* * * LOW HITPOINT WARNING * * *
The 11-headed hydra closely misses you. You block the 11-headed hydra's attack.
The 11-headed hydra bites you but does no damage.
The 11-headed hydra bites you!
You die...

#.........#########.........###
#>........'...........>.....#.)
#........>#########...........#
#.........# #.........###
#.........####### #.........#
##'#######.##♣.≈####.########
#.#######.#.)...# #.##
#.......#.'.D...♣##..#
#######+..'.W@.|.###.######
#.........'.D...≈##...#.).#
#.........#....≈###.#.###.#
#.........##♣♣.##.#.#.....####
#........### ###.#.#.###[[..#
#........# #.#.#.#.#.##..
#........# #.#(#.#.#.####
#........# #....)#...#
#........# #######'###


You could see a 11-headed hydra, a ten-headed hydra and conein's ghost.

Vanquished Creatures
  Gastronok (D:9)
  A centaur warrior (D:9)
  A two-headed ogre (D:11)
  Pikel (D:6)
  A manticore (D:10)
  The ghost of galech the Vexing, a novice GnWn (D:4)
  A hornet (D:10)
  3 trolls
  Prince Ribbit (D:5)
  A hippogriff (D:10)
  A spriggan (D:11)
  A wyvern (D:10)
  A wraith (D:10)
  2 steam dragons (D:10)
  A hungry ghost (D:8)
  2 wargs (D:8)
  5 orc warriors
  2 slaves (D:7)
  2 phantoms
  4 ice beasts
  4 black bears
  2 sky beasts
  4 ogres
  3 centaurs
  8 bullfrogs
  A crocodile (D:10)
  A big kobold (D:7)
  A gnoll sergeant (D:10)
  7 scorpions
  10 wights
  8 howler monkeys
  6 crimson imps
  4 quasits (D:4)
  A centaur zombie (D:10)
  8 jellies
  4 hounds
  11 orc wizards
  A bullfrog skeleton (D:8)
  A centaur skeleton (D:6)
  5 orc priests
  4 iguanas
  5 worker ants
  A howler monkey zombie (D:11)
  2 worker ant zombies
  9 gnolls
  14 adders
  A shadow imp (D:11)
  An ooze (D:6)
  An adder zombie (D:7)
  3 adder skeletons
  3 worms
  4 leopard geckos
  24 orcs
  4 giant cockroaches
  2 goblins
  6 hobgoblins
  15 jackals
  4 quokkas
  A ball python (D:3)
  2 bats
  3 frilled lizards
  11 kobolds
  2 quokka zombies
  4 rats
249 creatures vanquished.

Vanquished Creatures (others)
  An ogre (D:9)
  A big kobold (D:7)
  A bullfrog skeleton (D:7)
  An adder (D:7)
  2 kobolds (D:7)
  4 plants (D:10)
10 creatures vanquished.

Grand Total: 259 creatures vanquished

Notes
Turn   | Place    | Note
-------+----------+-------------------------------------------
     0 | D:1      | galech the Gnoll Wanderer began the quest for the Orb.
     0 | D:1      | galech set off with: a +2 scale mail, a +0 hand axe, a potion of curing, a ration
     0 | D:1      | Reached XP level 1. HP: 23/23 MP: 1/1
   192 | D:1      | Reached XP level 2. HP: 4/29 MP: 2/2
   723 | D:1      | Reached XP level 3. HP: 27/35 MP: 3/3
  1274 | D:2      | Found an iron altar of Okawaru.
  1282 | D:2      | Became a worshipper of Warmaster Okawaru
  1399 | D:2      | Reached skill level 1 in Invocations
  1715 | D:2      | Reached skill level 1 in Short Blades
  1715 | D:2      | Reached skill level 1 in Long Blades
  1715 | D:2      | Reached skill level 1 in Maces & Flails
  1715 | D:2      | Reached skill level 1 in Polearms
  1715 | D:2      | Reached skill level 1 in Staves
  1715 | D:2      | Reached skill level 1 in Slings
  1715 | D:2      | Reached skill level 1 in Crossbows
  1715 | D:2      | Reached skill level 1 in Dodging
  1715 | D:2      | Reached skill level 1 in Stealth
  1715 | D:2      | Reached skill level 1 in Unarmed Combat
  1715 | D:2      | Reached skill level 1 in Spellcasting
  1715 | D:2      | Reached skill level 1 in Evocations
  1715 | D:2      | Reached XP level 4. HP: 39/41 MP: 5/5
  2136 | D:3      | Reached skill level 1 in Conjurations
  2136 | D:3      | Reached skill level 1 in Hexes
  2136 | D:3      | Reached skill level 1 in Charms
  2136 | D:3      | Reached skill level 1 in Summonings
  2136 | D:3      | Reached skill level 1 in Necromancy
  2136 | D:3      | Reached skill level 1 in Translocations
  2136 | D:3      | Reached skill level 1 in Transmutations
  2136 | D:3      | Reached skill level 1 in Fire Magic
  2136 | D:3      | Reached skill level 1 in Ice Magic
  2136 | D:3      | Reached skill level 1 in Air Magic
  2136 | D:3      | Reached skill level 1 in Earth Magic
  2136 | D:3      | Reached skill level 1 in Poison Magic
  2405 | D:3      | Noticed a bullfrog
  2413 | D:3      | Killed a bullfrog
  2413 | D:3      | Reached XP level 5. HP: 40/47 MP: 5/7
  2482 | D:3      | Found a basalt altar of Yredelemnul.
  3104 | D:4      | Reached XP level 6. HP: 53/53 MP: 8/8
  3147 | D:4      | Found a transporter.
  3178 | D:4      | Noticed galech's ghost (novice GnWn)
  3281 | D:4      | Found a transporter.
  3368 | D:4      | Reached * piety under Okawaru
  3369 | D:4      | Found Ryckaic's General Store.
  3375 | D:4      | Bought a scroll of identify for 24 gold pieces
  3375 | D:4      | Bought a potion of curing for 36 gold pieces
  3391 | D:4      | Reached skill level 5 in Axes
  3391 | D:4      | Reached skill level 5 in Armour
  3774 | D:4      | Reached XP level 7. HP: 50/59 MP: 10/10
  3943 | D:5      | Entered Level 5 of the Dungeon
  4043 | D:5      | Noticed Prince Ribbit
  4070 | D:5      | Reached skill level 7 in Fighting
  4936 | D:5      | Found a staircase to the Ecumenical Temple.
  4964 | D:5      | Reached ** piety under Okawaru
  5207 | D:5      | Killed Prince Ribbit
  5207 | D:5      | Reached XP level 8. HP: 47/67 MP: 8/12
  5312 | D:5      | Got a scorched trident
  5313 | D:5      | Identified the +4 trident of Cienoyfy {holy, rElec} (You found it on level 5 of the Dungeon)
  6905 | D:6      | Reached XP level 9. HP: 66/72 MP: 12/14
  7091 | D:7      | Noticed Pikel
  7128 | D:6      | Killed Pikel
  7128 | D:6      | Reached *** piety under Okawaru
  7494 | D:7      | Reached skill level 5 in Bows
  7494 | D:7      | Reached skill level 5 in Throwing
  7494 | D:7      | Reached skill level 5 in Shields
  7741 | D:7      | Received a gift from Okawaru
  8096 | D:8      | Reached skill level 8 in Fighting
  8210 | D:8      | Reached skill level 5 in Invocations
  8214 | D:8      | Reached **** piety under Okawaru
  8540 | D:8      | Reached XP level 10. HP: 17/80 MP: 1/17
  8825 | D:8      | Found a staircase to the Lair.
  9549 | D:9      | Reached skill level 5 in Short Blades
  9549 | D:9      | Reached skill level 5 in Long Blades
  9549 | D:9      | Reached skill level 5 in Maces & Flails
  9549 | D:9      | Reached skill level 5 in Polearms
  9549 | D:9      | Reached skill level 5 in Staves
  9549 | D:9      | Reached skill level 5 in Slings
  9549 | D:9      | Reached skill level 5 in Crossbows
  9549 | D:9      | Reached skill level 5 in Dodging
  9549 | D:9      | Reached skill level 5 in Stealth
  9549 | D:9      | Reached skill level 5 in Unarmed Combat
  9549 | D:9      | Reached skill level 5 in Spellcasting
  9549 | D:9      | Reached skill level 5 in Evocations
  9958 | D:9      | Noticed Gastronok
 10013 | D:9      | HP: 4/82 [Gastronok (16)]
 10016 | D:9      | Killed Gastronok
 10016 | D:9      | Received a gift from Okawaru
 10016 | D:9      | Reached ***** piety under Okawaru
 10016 | D:9      | Received a gift from Okawaru
 10191 | D:9      | Noticed a centaur warrior
 10545 | D:9      | Killed a centaur warrior
 10545 | D:9      | Reached XP level 11. HP: 65/87 MP: 19/19
 10658 | D:10     | Entered Level 10 of the Dungeon
 11087 | D:10     | Reached skill level 9 in Fighting
 11111 | D:10     | Received a gift from Okawaru
 11133 | D:10     | Reached skill level 5 in Conjurations
 11133 | D:10     | Reached skill level 5 in Hexes
 11133 | D:10     | Reached skill level 5 in Charms
 11133 | D:10     | Reached skill level 5 in Summonings
 11133 | D:10     | Reached skill level 5 in Necromancy
 11133 | D:10     | Reached skill level 5 in Translocations
 11133 | D:10     | Reached skill level 5 in Transmutations
 11133 | D:10     | Reached skill level 5 in Fire Magic
 11133 | D:10     | Reached skill level 5 in Ice Magic
 11133 | D:10     | Reached skill level 5 in Air Magic
 11133 | D:10     | Reached skill level 5 in Earth Magic
 11133 | D:10     | Reached skill level 5 in Poison Magic
 11488 | D:10     | Noticed a manticore
 11509 | D:10     | Killed a manticore
 11900 | D:10     | Received a gift from Okawaru
 13002 | D:10     | Found a runed gate.
 13002 | D:10     | Found a runed gate.
 13002 | D:10     | Found a runed gate.
 13003 | D:10     | Noticed conein's ghost (novice DDFi)
 13003 | D:10     | Noticed a ten-headed hydra
 13004 | D:10     | Noticed an 11-headed hydra
 13336 | D:4      | Killed galech's ghost
 13904 | D:11     | Noticed a two-headed ogre
 13929 | D:11     | Killed a two-headed ogre
 14133 | D:11     | Noticed Maurice
 15616 | D:10     | Got a smoking broad axe
 15616 | D:10     | Slain by an 11-headed hydra

Vault maps used:
D:1:      lightli_arrival_farm
D:2:      first_ration, okawaru_trees_2
D:3:      nicolae_overflow_crystal_walls
D:4:      minmay_door_path, gammafunk_ghost_stat_death, serial_shops,
          nicolae_shop_stone
D:5:      minmay_temple_entry_overgrown, uniq_prince_ribbit1
D:7:      uniq_pikel
D:8:      erik_lair_orcish_takeover
D:9:      uniq_gastronok
D:10:     gammafunk_ghost_hydra_chop
D:11:     the_bakery, uniq_maurice

Skill      XL: |  1  2  3  4  5  6  7  8  9 10 11 |
---------------+----------------------------------+-----
Invocations    | 1 2 3 4 5 6 7 |  7.2
Short Blades   | 1 2 3 4 5 6 |  6.6
Long Blades    | 1 2 3 4 5 6 |  6.6
Maces & Flails | 1 2 3 4 5 6 |  6.6
Polearms       | 1 2 3 4 5 6 |  6.6
Staves         | 1 2 3 4 5 6 |  6.6
Slings         | 1 2 3 4 5 6 |  6.6
Crossbows      | 1 2 3 4 5 6 |  6.6
Dodging        | 1 2 3 4 5 6 |  6.6
Stealth        | 1 2 3 4 5 6 |  6.6
Unarmed Combat | 1 2 3 4 5 6 |  6.6
Spellcasting   | 1 2 3 4 5 6 |  6.6
Evocations     | 1 2 3 4 5 6 |  6.6
Conjurations   | 1 2 3 4 5 |  5.4
Hexes          | 1 2 3 4 5 |  5.4
Charms         | 1 2 3 4 5 |  5.4
Summonings     | 1 2 3 4 5 |  5.4
Necromancy     | 1 2 3 4 5 |  5.4
Translocations | 1 2 3 4 5 |  5.4
Transmutations | 1 2 3 4 5 |  5.4
Fire Magic     | 1 2 3 4 5 |  5.4
Ice Magic      | 1 2 3 4 5 |  5.4
Air Magic      | 1 2 3 4 5 |  5.4
Earth Magic    | 1 2 3 4 5 |  5.4
Poison Magic   | 1 2 3 4 5 |  5.4
Bows           | 3 4 5 6 7 |  7.1
Throwing       | 3 4 5 6 7 |  7.1
Shields        | 3 4 5 6 7 |  7.1
Axes           | 5 6 7 8 |  8.1
Armour         | 5 6 7 8 |  8.1
Fighting       | 7 8 9 |  9.3

Action                   |  1- 3 |  4- 6 |  7- 9 | 10-12 || total
-------------------------+-------+-------+-------+-------++-------
Melee: Hand axe          |    95 |    57 |       |       ||   152
       Bite              |     9 |    19 |    44 |   141 ||   213
       War axe           |       |   109 |    82 |       ||   191
       Punch             |       |     1 |     7 |    23 ||    31
       Trident           |       |       |   341 |   129 ||   470
       Spear             |       |       |       |   734 ||   734
       Unarmed           |       |       |       |    25 ||    25
Invok: Heroism           |       |       |     7 |     8 ||    15
  Use: Scroll            |       |     1 |     4 |     3 ||     8
       Potion            |       |       |     2 |     1 ||     3
 Stab: Sleeping          |       |       |       |    12 ||    12
  Eat: Chunk             |     1 |     8 |    13 |    18 ||    40
       Ration            |       |       |     1 |     2 ||     3
Armor: Scale mail        |    55 |    22 |    70 |   514 ||   661
       Plate armour      |       |    64 |   188 |       ||   252
Dodge: Dodged            |    51 |    61 |   175 |   486 ||   773
       Deflected         |       |       |     5 |    14 ||    19
Block: Other             |    11 |    14 |     7 |       ||    32
       Reflection        |       |     1 |       |       ||     1
       Shield            |       |       |       |   234 ||   234

Table legend:
 A = Spawn XP
 B = Non-spawn XP
 C = Spawn XP percentage of total XP
 D = Spawn monster count
 E = Non-spawn monster count
 F = Spawn count percentage of total count
 G = Total turns spent on level
                    A         B        C        D         E        F      G
               +---------+---------+-------+---------+---------+-------+---------
         Total |       0 |   17283 |   0.0 |       0 |     248 |   0.0 | 15616
               +---------+---------+-------+---------+---------+-------+---------
           D:1 |       0 |      40 |   0.0 |       0 |      16 |   0.0 |  1171
           D:2 |       0 |      48 |   0.0 |       0 |       9 |   0.0 |   792
           D:3 |       0 |     178 |   0.0 |       0 |      16 |   0.0 |   939
           D:4 |       0 |     936 |   0.0 |       0 |      26 |   0.0 |  1205
           D:5 |       0 |     884 |   0.0 |       0 |      16 |   0.0 |  2113
           D:6 |       0 |    1516 |   0.0 |       0 |      26 |   0.0 |  1159
           D:7 |       0 |     804 |   0.0 |       0 |      26 |   0.0 |   915
           D:8 |       0 |    1376 |   0.0 |       0 |      25 |   0.0 |  1496
           D:9 |       0 |    4796 |   0.0 |       0 |      28 |   0.0 |  2038
          D:10 |       0 |    4086 |   0.0 |       0 |      36 |   0.0 |  2084
          D:11 |       0 |    2619 |   0.0 |       0 |      24 |   0.0 |  1704
               +---------+---------+-------+---------+---------+-------+---------
